AoeStats
← sebastianbel43

Arabia

507293605Analyzed
1v1 RM · 15d ago on Sep 17, 2026· 36m 23s· 2 players
Game mode
Random Map
Map size
Tiny (2 player)
Population
200
Speed
Normal
Resources
Standard
Victory
Conquest
Starting age
Dark Age
Ending age
Imperial Age
RankedLock teamsTeams togetherTeam positionsShared explorationLock speedFull tech treeHidden civsTurbo modeCheats
Victory
Defeat
🇨🇴 Bulgarians · Colombia
757
+17
🇺🇸 Koreans · United States
769
-17
sebastianbel43
4:25 Loom
9:55 Feudal Age
11:07 Double-Bit Axe
15:41 Fletching
15:52 Padded Archer Armor
16:42 Wheelbarrow
19:36 Town Watch
23:49 Castle Age
23:33 Bloodlines
23:41 Forging
23:37 Scale Barding Armor
23:55 Light Cavalry
26:34 Iron Casting
SincereCloth
12:06 Feudal Age
14:02 Fletching
16:09 Double-Bit Axe
28:43 Castle Age
31:57 Bodkin Arrow
32:53 Loom
Connection lost

Rejoining the realm…

Still unreachable

The connection could not be restored.

Session expired

The server has moved on; the page needs a fresh start.